 Dungeon Crawl Stone Soup version 0.24.0-35-gdb84b6a5db (webtiles) character file.

Game seed: 11675113849691553489, levelgen mode: deterministic

741022 DildoBatman the Petrodigitator (level 27, -19/213 HPs)
             Began as a Formicid Wizard on Nov 18, 2019.
             Was an Initiate of Gozag.
             Killed by the air
             ... invoked by a titan
              (32 damage)
             ... on level 23 of a ziggurat.
             The game lasted 05:34:12 (60229 turns).

DildoBatman the Petrodigitator (Formicid Wizard)   Turns: 60229, Time: 05:34:13

Health: -19/213    AC: 34    Str: 18    XL:     27
Magic:  52/52      EV: 26    Int: 26    God:    Gozag
Gold:   4461       SH: 18    Dex: 32    Spells: 16/58 levels left

rFire    + + .     SeeInvis +   l - +7 broad axe of Untimely Demise {flame, *Rage rElec MP+9}
rCold    + + +     Gourm    .   o - +2 shield {rC+}
rNeg     + + +     Faith    .   p - +3 leather armour of the First Snow {Regen+ Str+3 Int-2 Dex+6}
rPois    ∞         Spirit   .   (helmet unavailable)
rElec    +         Reflect  .   C - +2 cloak
rCorr    +         Harm     .   k - +0 pair of gloves {Dex+3}
MR       +++..                  F - +2 pair of boots {run}
Stlth    +++++.....             m - amulet "Lioxziy" {RegenMP Dex+7}
HPRegen  0.85/turn              w - ring of Neurosis {rF+ Dex+2 Stlth+}
MPRegen  0.58/turn              G - +3 ring of protection

@: agile, icy armour, lich-form, resistant, gold aura, flying, very slightly
contaminated, studying Throwing, invisible, quick
A: permanent stasis, dig shafts and tunnels, four strong arms, antennae 3, beak,
hooves 1, blurry vision 1, wild magic 1
}: 4/15 runes: barnacled, silver, golden, gossamer
a: Dig, Shaft Self, End Transformation, Potion Petition, Call Merchant, Bribe
Branch, Renounce Religion


You were on level 23 of a ziggurat.
You worshipped Gozag.
Gozag was most pleased with you.
You were not hungry.
You were a lich.
You visited 10 branches of the dungeon, and saw 46 of its levels.
You visited 1 ziggurat, and saw 23 of its levels.

You collected 32615 gold pieces.
You spent 8362 gold pieces at shops.
You paid 19792 gold pieces to Gozag.

Inventory:

Hand Weapons
 b - the +6 arbalest "Damnation" {damnation}
   (You found it on level 1 of the Shoals)
 c - the +9 lajatang of Conscience {slice, rN++ Str+5}
   (You found it on level 12 of a ziggurat)

   It inflicts extra damage upon your enemies.
   It affects your strength (+5).
   It greatly protects you from negative energy.
 g - the +7 lajatang of Order {silver, rMut}
   (You found it on level 18 of a ziggurat)

   It protects you from mutation.
 l - the +7 broad axe of Untimely Demise (weapon) {flame, *Rage rElec MP+9}
   (You found it on level 3 of the Tomb of the Ancients)

   It has been specially enchanted to burn those struck by it, causing extra
   injury to most foes and up to half again as much damage against particularly
   susceptible opponents.
   Big, fiery blades are also staple armaments of hydra-hunters.
   It insulates you from electricity.
   It affects your magic capacity (+9).
   It may make you go berserk in combat.
Missiles
 d - 2128 arrows
 s - 517 bolts
 y - 7 throwing nets (quivered)
 H - 63 silver javelins
Armour
 k - a +0 pair of gloves of dexterity (worn)
 o - a +2 shield of cold resistance (worn)
 p - the +3 leather armour of the First Snow (worn) {Regen+ Str+3 Int-2 Dex+6}
   (You bought it in a shop on level 3 of the Tomb of the Ancients)

   It affects your strength (+3).
   It affects your intelligence (-2).
   It affects your dexterity (+6).
   It increases your rate of regeneration.
 C - a +2 cloak (worn)
 F - a +2 pair of boots of running (worn)
Magical Staves
 a - an uncursed staff of energy
 W - an uncursed staff of wizardry
Jewellery
 m - the amulet "Lioxziy" (around neck) {RegenMP Dex+7}
   (You found it on level 3 of the Crypt)

   [amulet of magic regeneration]

   It increases your magic regeneration.
   It affects your dexterity (+7).
 r - the amulet of Departure {rF+ Regen+}
   (You found it on level 19 of a ziggurat)

   [amulet of regeneration]

   It protects you from fire.
   It increases your rate of regeneration.
 w - the ring of Neurosis (left hand) {rF+ Dex+2 Stlth+}
   (You found it on level 16 of a ziggurat)

   [ring of protection from fire]

   It affects your dexterity (+2).
   It protects you from fire.
   It makes you more stealthy.
 G - a +3 ring of protection (right hand)
 V - the ring "Peatoo Vepn" {rElec rF- rN+ Int+4 Dex+8}
   (You took it off a vault warden on level 5 of the Vaults)

   [ring of positive energy]

   It affects your intelligence (+4).
   It affects your dexterity (+8).
   It makes you vulnerable to fire.
   It insulates you from electricity.
   It protects you from negative energy.
Wands
 n - a wand of clouds (14)
 I - a wand of acid (42)
 K - a wand of iceblast (39)
Scrolls
 e - 13 scrolls of enchant armour
 i - 3 scrolls of torment
 u - 22 scrolls of fog
 x - 34 scrolls of remove curse
 z - 20 scrolls of identify
 D - 4 scrolls of holy word
 O - 3 scrolls of summoning
 R - 4 scrolls of immolation
 T - 4 scrolls of amnesia
Potions
 f - 5 potions of mutation
Books
 J - a manual of Throwing
Miscellaneous
 h - a phial of floods
 j - a fan of gales
 q - 10 phantom mirrors
 t - a lightning rod (4/4)
 N - 8 boxes of beasts
 Q - a lamp of fire
 Y - 10 sacks of spiders
Comestibles
 v - 43 rations


   Skills:
 - Level 16.7 Fighting
 - Level 6.5 Throwing
 - Level 10.0 Armour
 - Level 8.0 Dodging
 - Level 2.4 Stealth
 - Level 15.2 Shields
 - Level 16.0 Spellcasting
 - Level 6.3 Conjurations
 - Level 6.0 Charms
   Level 1.0 Summonings
 - Level 19.0 Necromancy
   Level 0.8 Translocations
 - Level 19.0 Transmutations
 - Level 5.0 Fire Magic
 - Level 6.0 Ice Magic
 * Level 23.8 Air Magic
 O Level 27 Earth Magic
 - Level 15.0 Evocations


You had 16 spell levels left.
You knew the following spells:

 Your Spells              Type           Power        Failure   Level  Hunger
a - Borgnjor's Vile Clut  Necr/Erth      ########..   1%          5    N/A
b - Shatter               Erth           ########..   7%          9    N/A
c - Tornado               Air            ########..   22%         9    N/A
d - Necromutation         Tmut/Necr      ########..   12%         8    N/A
e - Regeneration          Chrm/Necr      ########..   1%          3    N/A
f - Bolt of Magma         Conj/Fire/Erth #######...   1%          5    N/A
h - Ozocubu's Armour      Chrm/Ice       ######..     1%          3    N/A

Your spell library contained the following spells:

 Spells                   Type           Power        Failure   Level  Hunger
 Animate Skeleton         Necr           N/A          1%          1    N/A
 Beastly Appendage        Tmut           ######       1%          1    N/A
 Flame Tongue             Conj/Fire      #####        1%          1    N/A
 Freeze                   Ice            ####         1%          1    N/A
 Infusion                 Chrm           ####         1%          1    N/A
 Magic Dart               Conj           ####         1%          1    N/A
 Pain                     Necr           ####         1%          1    N/A
 Sandblast                Erth           ######       1%          1    N/A
 Shock                    Conj/Air       ####         1%          1    N/A
 Sting                    Conj/Pois      ####         1%          1    N/A
 Corpse Rot               Necr           N/A          1%          2    N/A
 Passwall                 Tmut/Erth      ########     1%          2    N/A
 Poisonous Vapours        Pois/Air       ######       1%          2    N/A
 Searing Ray              Conj           ######       1%          2    N/A
 Song of Slaying          Chrm           ######..     1%          2    N/A
 Sticks to Snakes         Tmut           ########     1%          2    N/A
 Sublimation of Blood     Necr           ########..   1%          2    N/A
 Swiftness                Chrm/Air       #######.     1%          2    N/A
 Throw Flame              Conj/Fire      ######       1%          2    N/A
 Throw Frost              Conj/Ice       ######       1%          2    N/A
 Conjure Flame            Conj/Fire      ######..     1%          3    N/A
 Ignite Poison            Fire/Tmut/Pois ######..     1%          3    N/A
 Mephitic Cloud           Conj/Pois/Air  #######.     1%          3    N/A
 Spider Form              Tmut/Pois      ######....   1%          3    N/A
 Static Discharge         Conj/Air       #######.     1%          3    N/A
 Stone Arrow              Conj/Erth      ######       1%          3    N/A
 Vampiric Draining        Necr           ########..   1%          3    N/A
 Airstrike                Air            ########..   1%          4    N/A
 Animate Dead             Necr           N/A          1%          4    N/A
 Ice Form                 Ice/Tmut       #######.     1%          4    N/A
 Leda's Liquefaction      Hex/Erth       #######...   1%          4    N/A
 Petrify                  Tmut/Erth      ########     1%          4    N/A
 Summon Lightning Spire   Summ/Air       #######.     1%          4    N/A
 Agony                    Necr           ########     1%          5    N/A
 Blade Hands              Tmut           ########..   1%          5    N/A
 Bolt of Draining         Conj/Necr      ########..   1%          5    N/A
 Dispel Undead            Necr           ########     1%          5    N/A
 Excruciating Wounds      Chrm/Necr      ########..   1%          5    N/A
 Irradiate                Conj/Tmut      #######...   1%          5    N/A
 Lee's Rapid Deconstruct  Erth           ########..   1%          5    N/A
 Lightning Bolt           Conj/Air       #######...   1%          5    N/A
 Silence                  Hex/Air        #######...   1%          5    N/A
 Conjure Ball Lightning   Conj/Air       #######...   1%          6    N/A
 Death Channel            Necr           ########..   1%          6    N/A
 Deflect Missiles         Chrm/Air       #######...   1%          6    N/A
 Hydra Form               Tmut           ########..   1%          6    N/A
 Iron Shot                Conj/Erth      #######...   1%          6    N/A
 Statue Form              Tmut/Erth      ########.    1%          6    N/A
 Ensorcelled Hibernation  Hex/Ice        #####.       2%          2    N/A
 Shroud of Golubria       Chrm/Tloc      ######       2%          2    N/A
 Dragon Form              Tmut           ########..   2%          7    N/A
 Apportation              Tloc           ####..       3%          1    N/A
 Summon Butterflies       Summ           ####....     3%          1    N/A
 Summon Small Mammal      Summ           ####         3%          1    N/A
 Iskenderun's Mystic Bla  Conj           ######..     3%          4    N/A
 Alistair's Intoxication  Tmut/Pois      ######..     3%          5    N/A
 Yara's Violent Unravell  Hex/Tmut       ######....   3%          5    N/A
 Confusing Touch          Hex            ####..       4%          1    N/A
 Corona                   Hex            ####...      4%          1    N/A
 Call Imp                 Summ           ####....     4%          2    N/A
 Dazzling Spray           Conj/Hex       #####.       4%          3    N/A
 Spectral Weapon          Hex/Chrm       #####...     4%          3    N/A
 Sticky Flame             Conj/Fire      ######..     4%          4    N/A
 Throw Icicle             Conj/Ice       ######..     4%          4    N/A
 Simulacrum               Ice/Necr       ########..   4%          6    N/A
 Inner Flame              Hex/Fire       #####...     5%          3    N/A
 Freezing Cloud           Conj/Ice/Air   #######...   5%          6    N/A
 Slow                     Hex            ####....     7%          2    N/A
 Call Canine Familiar     Summ           ####....     9%          3    N/A
 Gell's Gravitas          Tloc           ####......   10%         3    N/A
 Lesser Beckoning         Tloc           ####......   10%         3    N/A
 Recall                   Summ/Tloc      N/A          10%         3    N/A
 Force Lance              Conj/Tloc      ######..     10%         4    N/A
 Iskenderun's Battlesphe  Conj/Chrm      ######..     10%         5    N/A
 Portal Projectile        Hex/Tloc       ####..       11%         3    N/A
 Summon Guardian Golem    Hex/Summ       ####....     11%         3    N/A
 Summon Ice Beast         Ice/Summ       ######..     11%         4    N/A
 Fulminant Prism          Conj/Hex       #####.....   12%         4    N/A
 Fireball                 Conj/Fire      ######....   12%         5    N/A
 Borgnjor's Revivificati  Necr           ########..   12%         8    N/A
 Infestation              Necr           ########..   12%         8    N/A
 Confuse                  Hex            ####....     13%         3    N/A
 Tukima's Dance           Hex            ####....     13%         3    N/A
 Lehudib's Crystal Spear  Conj/Erth      #######...   28%         8    N/A
 Metabolic Englaciation   Hex/Ice        #####.....   30%         5    N/A
 Venom Bolt               Conj/Pois      #####.....   30%         5    N/A
 Cause Fear               Hex            ####......   36%         4    N/A
 Bolt of Cold             Conj/Ice       ######....   43%         6    N/A
 Ozocubu's Refrigeration  Ice            ######....   45%         6    N/A
 Haunt                    Necr/Summ      #######...   45%         7    N/A
 Chain Lightning          Conj/Air       #######...   45%         8    N/A
 Bolt of Fire             Conj/Fire      ######....   47%         6    N/A
 Aura of Abjuration       Summ           ####......   54%         5    N/A
 Summon Demon             Summ           ####......   54%         5    N/A
 Summon Forest            Summ/Tloc      ####......   56%         5    N/A
 Summon Mana Viper        Hex/Summ       ####....     63%         5    N/A
 Death's Door             Chrm/Necr      ########..   80%         8    N/A
 Poison Arrow             Conj/Pois      #####.....   82%         6    N/A
 Orb of Destruction       Conj           ######....   91%         7    N/A
 Ring of Flames           Chrm/Fire      ######....   96%         7    N/A
 Shadow Creatures         Summ           N/A          98%         6    N/A
 Darkness                 Hex            ####......   99%         6    N/A
 Invisibility             Hex            ####....     99%         6    N/A
 Spellforged Servitor     Conj/Summ      ######....   99%         7    N/A
 Malign Gateway           Summ/Tloc      ####......   100%        7    N/A
 Summon Hydra             Summ           ####......   100%        7    N/A
 Discord                  Hex            ####......   100%        8    N/A
 Ignition                 Fire           ######....   100%        8    N/A
 Dragon's Call            Summ           ####......   100%        9    N/A
 Fire Storm               Conj/Fire      ######....   100%        9    N/A
 Glaciate                 Conj/Ice       ######....   100%        9    N/A
 Blink                    Tloc           Unusable     N/A         2    N/A
 Controlled Blink         Tloc           Unusable     N/A         8    N/A

Dungeon Overview and Level Annotations

Branches:
Dungeon (15/15)            Temple (1/1) D:4            Lair (6/6) D:10
 Shoals (4/4) Lair:2       Spider (4/4) Lair:4        Slime (0/5) Lair:5
    Orc (2/2) D:12            Elf (3/3) Orc:2        Vaults (5/5) D:14
  Crypt (3/3) Vaults:3       Tomb (3/3) Crypt:3      Depths (0/5) D:15

Altars:
Ashenzari
Cheibriados
Dithmenos
Elyvilon
Fedhas
Gozag
Hepliaklqana
Kikubaaqudgha
Makhleb
Nemelex Xobeh
Okawaru
Qazlal
Ru
Sif Muna
Trog
Uskayaw
Vehumet
Wu Jian
Xom
Yredelemnul
Zin
The Shining One
Beogh

Shops:
D:9 !   D:10 [   D:13 [*:}%   Orc:2 [*(:   Elf:2 [   Shoals:3 *   Vaults:2 (
Vaults:4 }   Tomb:3 [[[[[[[[


Innate Abilities, Weirdness & Mutations

You cannot be hasted, slowed, berserked, paralysed or teleported.
You can dig through walls and to a lower floor.
Your four strong arms can wield two-handed weapons with a shield.
You have a pair of large antennae on your head. (SInv)
You have a beak for a mouth.
You have large cloven feet.
Scrolls take you a little longer to read.
Your spells are a little harder to cast, but a little more powerful.


Message History

The titan casts a spell at you.
The bolt of lightning hits the storm dragon.
The storm dragon completely resists.
The bolt of lightning hits the spark wasp.
The spark wasp completely resists.
The spark wasp is no longer distracted by gold.
The bolt of lightning misses the air elemental.
The bolt of lightning misses you.
The spriggan air mage becomes distracted by the nearby gold, dreaming of imaginary riches.
The air elemental barely misses you.
A raiju comes into view.
The titan waves its arms in wide circles.
The air twists around and violently strikes you in flight!!!
The insubstantial wisp becomes distracted by the nearby gold, dreaming of imaginary riches.
The titan becomes distracted by the nearby gold, dreaming of imaginary riches. x2
The insubstantial wisp becomes distracted by the nearby gold, dreaming of imaginary riches.
The titan waves its arms in wide circles.
The air twists around and violently strikes you in flight!!
You die...
Your body crumbles into a pile of gold.

▓▓..$.........D
▓▓.....8.yhDCCSD.....
▓▓.........iC§vv§§....
▓▓...§......SC8§vv§....
▓▓......§.§§SC§CD§§C..h.
▓.∩....§§§§§§E§§E§§§....
▓▓.....§§E§CDS§§C8§§....
▓▓....§§§§§Cy§E§§§§....
▓▓...§§§§E§§EEL§§§....
▓▓.§§§§§E§§E§§§§§....
▓▓.8§8§§§§§§§.§§....
▓▓§§§§§§..§........
▓▓..§.§..§.......▓
▓▓.............▓▓
▓▓...........▓▓
▓▓▓▓▓▓▓▓▓▓▓▓▓


You could see 4 electric golems, 10 titans, 4 storm dragons, 2 spark wasps, 4
shock serpents, a spriggan air mage (unaware), 2 raiju, 9 air elementals and 4
insubstantial wisps.

Vanquished Creatures
  Khufu (Tomb:3)
  9 ancient liches
  Mara (Spider:4)
  4 orbs of fire (Zig:17)
  4 juggernauts (Zig:15)
  Sojobo (Tomb:1)
  The ghost of MackTheFife the Hill Orc Mishap, a veteran HOGl of Qazlal (Vaults:2)
  6 Killer Klowns
  Boris (Crypt:3)
  25 greater mummies
  Bai Suzhen (Crypt:2)
  Saint Roka (Crypt:1)
  7 pandemonium lords
  11 golden dragons
  Jory (Tomb:1)
  3 bone dragons
  3 doom hounds (Zig:14)
  A Brimstone Fiend (Zig:16)
  Jorgrun (Elf:1)
  8 tentacled monstrosities
  Rupert (D:13)
  2 Tzitzimimeh (Zig:14)
  The ghost of WiseOSalty the Warrior, an adept DsFi of Qazlal (Elf:3)
  A shard shrike skeleton (Crypt:2)
  5 liches
  7 deep elf master archers
  2 quicksilver dragons (Vaults:4)
  3 deep elf blademasters
  10 acid blobs (Zig:20)
  A sphinx (shapeshifter) (Zig:7)
  An Executioner (Zig:16)
  A titan (Vaults:5)
  Frances (Elf:1)
  6 tentacled starspawn
  12 sphinxes
  17 ancient champions
  2 krakens
  Polyphemus (Shoals:2)
  4 storm dragons (Vaults:4)
  Kirke (D:12)
  3 shadow dragons (Vaults:4)
  11 tengu reavers
  2 thorn hunters (Zig:22)
  Donald (Spider:4)
  The ghost of Yzup the Alchemist, a journeyman DrTm of Wu Jian (D:15)
  7 revenants
  An azure jelly (shapeshifter) (Zig:16)
  Ilsuiw (Shoals:3)
  3 draconian monks (Zig:11)
  9 deep elf sorcerers
  A fire giant (shapeshifter) (Zig:7)
  3 fire giants
  9 vault wardens
  4 orc warlords
  4 azure jellies (Zig:20)
  11 ghost moths
  9 balrugs
  7 emperor scorpions
  2 frost giants
  3 cacodemons
  2 draconian scorchers (Zig:11)
  7 curse skulls
  Aizul (Vaults:2)
  3 deep elf elementalists (Elf:3)
  A draconian stormcaller (Zig:10)
  2 draconian shifters (Zig:11)
  20 ironheart preservers
  A draconian annihilator (Zig:11)
  7 reapers
  16 stone giants
  2 war gargoyles
  7 ghouls
  15 entropy weavers
  8 very ugly things
  Azrael (Elf:1)
  16 starcursed masses
  Nessos (Orc:2)
  A blood saint (Zig:5)
  8 vampire knights
  A green draconian (Zig:11)
  9 deep elf demonologists
  2 bennus (Tomb:3)
  A black draconian (Zig:11)
  9 deep elf annihilators
  2 dire elephants (shapeshifter)
  5 spark wasps
  3 red draconians (Zig:11)
  A purple draconian (Zig:11)
  3 ettins
  8 deep elf death magi
  4 merfolk impalers (Shoals:4)
  A death ooze (Zig:20)
  15 jiangshi
  7 merfolk javelineers
  10 green deaths
  8 eidola
  26 mummy priests
  12 yaktaur captains
  7 fire dragons
  3 quicksilver dragon skeletons
  2 quicksilver dragon zombies
  A great orb of eyes (shapeshifter) (Zig:7)
  Josephine (D:13)
  3 great orbs of eyes
  8 deep elf high priests
  Erolcha (D:13)
  A rakshasa (Zig:10)
  A hell beast (Elf:1)
  4 ice dragons
  27 vault guards
  21 hydras
  5 shambling mangroves (Zig:22)
  10 ogre magi
  2 alligator snapping turtles
  A catoblepas (Shoals:2)
  2 merfolk avatars
  4 death knights
  9 centaur warriors
  4 merfolk aquamancers
  3 alligators
  Erica (D:9)
  6 deep troll shamans
  3 satyrs
  27 two-headed ogres
  12 vampire magi
  4 thrashing horrors
  4 deep troll earth magi
  32 death scarabs
  A hell hog (Zig:18)
  8 orc high priests
  6 death yaks
  17 large abominations
  A titan zombie (Crypt:3)
  A shock serpent (Zig:23)
  2 soul eaters (Crypt:1)
  Sonja (D:13)
  6 wretched stars
  5 tengu warriors
  A hell knight (Vaults:5)
  26 deep elf knights
  6 fire crabs (Zig:17)
  3 iron trolls (Zig:15)
  8 shadow wraiths
  39 skeletal warriors
  8 sea snakes
  A sixfirhy (Zig:9)
  A deep troll (shapeshifter) (Vaults:5)
  A spatial maelstrom (Zig:10)
  An unseen horror (D:14)
  8 flayed ghosts
  4 glowing orange brains
  2 spriggan druids
  2 golden dragon zombies
  2 shadow demons
  8 swamp dragons
  5 death drakes (Zig:22)
  28 deep elf archers
  A lindwurm (shapeshifter) (Vaults:5)
  2 obsidian statues
  11 deep trolls
  15 harpies
  A tengu zombie (Zig:14)
  6 phantasmal warriors
  4 wizards
  4 orange crystal statues
  12 ironbrand convokers
  23 orc knights
  A lindwurm (Lair:6)
  2 sphinx zombies (Zig:14)
  8 necromancers
  41 wolf spiders
  11 cyclopes
  3 stone giant zombies
  10 fauns
  2 iron dragon zombies (Crypt:3)
  8 orc sorcerers
  27 orb spiders
  2 shining eyes (Zig:20)
  38 ugly things
  97 deep elf magi
  13 manticores
  A tengu skeleton (Vaults:4)
  2 shadow dragon skeletons
  2 oklob plants
  A frost giant zombie (Vaults:3)
  A worldbinder (Zig:18)
  An iron dragon skeleton (Zig:14)
  A sphinx skeleton (Zig:18)
  12 merfolk sirens
  11 moths of wrath
  9 elephants
  A frost giant skeleton (Crypt:3)
  A guardian serpent (shapeshifter) (Vaults:3)
  A black mamba (Lair:6)
  3 ice statues
  An elephant (shapeshifter) (Vaults:5)
  3 guardian serpents
  2 rust devils (Zig:2)
  14 vault sentinels
  2 fire giant skeletons
  Maurice (D:12)
  7 apocalypse crabs
  2 centaur zombies
  A torpor snail (shapeshifter) (Elf:3)
  7 smoke demons
  A gargoyle (D:15)
  6 water nymphs
  3 torpor snails
  3 eyes of devastation (Zig:20)
  A yaktaur zombie (D:15)
  2 hellions
  2 dire elephant skeletons
  17 spiny frogs
  11 efreet
  An elf zombie (Zig:4)
  2 human zombies
  8 komodo dragons
  A green draconian zombie (Crypt:2)
  2 kobold demonologists (D:15)
  A spriggan skeleton (D:15)
  An ice devil (Zig:4)
  10 freezing wraiths
  29 yaktaurs
  A rime drake (shapeshifter) (Elf:3)
  2 tengu conjurers (D:13)
  An anaconda simulacrum (Crypt:3)
  13 demonic crawlers
  9 rime drakes
  10 ancient zymes
  44 guardian mummies
  A queen bee (shapeshifter) (Vaults:5)
  3 tormentors (Zig:14)
  An elf skeleton (Zig:14)
  A yaktaur skeleton (D:15)
  8 trolls
  A purple draconian skeleton (Crypt:1)
  A yellow draconian skeleton (Crypt:2)
  49 jumping spiders
  8 tyrant leeches
  8 wind drakes
  A death yak skeleton (Lair:6)
  2 meliai (shapeshifter) (Vaults:1)
  24 merfolk
  5 hydra zombies
  Prince Ribbit (D:6)
  An ettin zombie (Zig:2)
  A polar bear (Lair:6)
  3 hydra skeletons
  29 slime creatures
  32 blink frogs
  A tarantella zombie (Crypt:1)
  14 hippogriffs
  8 snapping turtles
  3 dream sheep (Shoals:3)
  27 hornets
  8 bog bodies
  A fire dragon zombie (Tomb:1)
  A dream sheep (shapeshifter) (Vaults:2)
  A fire giant simulacrum (Crypt:1)
  5 raiju
  14 flying skulls
  An ettin skeleton (Zig:4)
  Sigmund (D:3)
  3 air elementals
  A redback (shapeshifter) (Vaults:4)
  15 wraiths
  A ynoxinul (Zig:18)
  An ice dragon skeleton (Crypt:1)
  3 spriggans
  9 water elementals
  39 tarantellas
  21 ushabtiu
  112 redbacks
  5 wyverns
  41 yaks
  4 shadows
  A fire dragon skeleton (Tomb:2)
  2 basilisks
  A vampire (D:15)
  7 hogs
  2 neqoxecs (Zig:18)
  5 chaos spawn
  A human (shapeshifter) (Zig:18)
  2 golden eyes
  5 hungry ghosts
  A golden eye (shapeshifter) (Vaults:4)
  A hog (shapeshifter) (Elf:3)
  Menkaure (D:4)
  9 fire elementals
  8 vampire mosquitoes
  9 wargs
  2 wargs (shapeshifter)
  2 insubstantial wisps
  14 water moccasins
  A swamp worm (shapeshifter) (Vaults:5)
  A soldier ant (shapeshifter) (Vaults:4)
  2 spiny frog zombies
  A deep troll skeleton (Crypt:1)
  5 acid dragons
  13 hell hounds
  A hydra simulacrum (Crypt:1)
  7 small abominations
  Duvessa (D:4)
  A floating eye (Zig:20)
  6 porcupines
  5 swamp drakes
  A two-headed ogre skeleton (Crypt:1)
  7 ice beasts
  A sky beast (D:9)
  A spiny frog skeleton (Lair:2)
  A black bear (shapeshifter) (Elf:3)
  56 orc warriors
  An elephant zombie (Lair:6)
  An ice dragon simulacrum (Crypt:3)
  3 necrophages
  2 black bears
  A blink frog zombie (Lair:2)
  2 phantoms
  A sky beast (shapeshifter) (Vaults:5)
  9 boggarts (Vaults:2)
  3 eyes of draining
  5 blink frog skeletons
  A boggart (shapeshifter) (Vaults:5)
  2 human skeletons
  2 snapping turtle zombies (Crypt:3)
  17 crocodiles
  3 wolves (Lair:1)
  A lindwurm skeleton (Lair:1)
  40 ogres
  23 centaurs
  A rime drake zombie (Lair:6)
  2 elephant skeletons (Lair:1)
  A hog skeleton (Crypt:3)
  2 hippogriff zombies
  19 bullfrogs
  A glowing shapeshifter simulacrum (Vaults:2)
  A deep troll simulacrum (Vaults:4)
  3 water moccasin zombies
  5 earth elementals
  5 komodo dragon skeletons
  A wyvern zombie (D:11)
  A wyvern skeleton (D:14)
  2 hippogriff skeletons
  3 scorpions
  A warg skeleton (Crypt:1)
  Dowan (D:4)
  2 water moccasin skeletons
  12 killer bees
  2 killer bees (shapeshifter) (Elf:3)
  11 wights
  A troll skeleton (Crypt:3)
  3 electric eels
  2 howler monkeys
  5 crimson imps
  3 bullfrog zombies
  8 hounds
  A hound (shapeshifter) (Vaults:5)
  A human simulacrum (Vaults:2)
  4 bullfrog skeletons
  6 centaur skeletons
  7 jellies
  25 orc priests
  2 demonspawn skeletons
  35 orc wizards
  An iguana (shapeshifter) (Elf:3)
  Crazy Yiuf (D:4)
  A basilisk skeleton (Lair:2)
  3 iguanas
  A porcupine zombie (Lair:2)
  14 worker ants
  5 crocodile zombies
  2 crocodile skeletons (Lair:1)
  A felid skeleton (Crypt:2)
  A hound zombie (D:10)
  2 hound skeletons
  35 mummies
  10 gnolls
  A howler monkey skeleton (D:9)
  12 adders
  A swamp drake zombie (Crypt:2)
  8 shadow imps
  2 white imps (Zig:4)
  4 adder zombies
  A lava snake skeleton (Crypt:1)
  A worm (shapeshifter) (Zig:16)
  2 worms
  A barachi zombie (Crypt:2)
  2 dart slugs
  5 leopard geckos
  141 orcs
  A ball python (D:3)
  12 bats
  4 giant cockroaches
  A goblin (shapeshifter) (Elf:3)
  5 goblins
  6 hobgoblins
  7 jackals
  A dart slug zombie (Crypt:1)
  4 frilled lizards
  A jackal skeleton (D:5)
  A jackal zombie (Crypt:2)
  11 kobolds
  A kobold skeleton (Crypt:3)
  A leopard gecko skeleton (Crypt:3)
  A quokka zombie (D:6)
  6 rats
  A rat skeleton (Crypt:3)
  34 briar patches (Zig:22)
  18 plants
  4 starspawn tentacles
  2 withered plants (D:15)
2908 creatures vanquished.

Vanquished Creatures (collateral kills)
  4 redbacks
4 creatures vanquished.

Vanquished Creatures (others)
  5 spriggan air magi (Zig:23)
  31 dancing weapons
  A vampire mage (Zig:21)
  3 shock serpents (Zig:23)
  A faun (Shoals:1)
  A hornet (Zig:12)
  A hippogriff (D:14)
  2 raiju (Zig:23)
  5 flying skulls (Tomb:1)
  4 insubstantial wisps (Zig:23)
  An electric eel (Lair:2)
  A briar patch (Zig:22)
  6 fungi
  10 plants
  5 starspawn tentacles
  24 tentacles
101 creatures vanquished.

Grand Total: 3013 creatures vanquished

Notes
Turn   | Place    | Note
-------+----------+-------------------------------------------
     0 | D:1      | DildoBatman the Formicid Wizard began the quest for the
                  | Orb.
     0 | D:1      | Reached XP level 1. HP: 13/13 MP: 4/4
    71 | D:1      | Reached skill level 1 in Conjurations
   240 | D:1      | Reached XP level 2. HP: 18/19 MP: 0/6
   628 | D:1      | You fall into a shaft and drop 1 floor!
  1166 | D:1      | Reached XP level 3. HP: 24/24 MP: 5/7
  1171 | D:1      | Learned a level 3 spell: Conjure Flame
  1175 | D:1      | Learned a level 3 spell: Mephitic Cloud
  1715 | D:2      | Reached XP level 4. HP: 30/30 MP: 5/8
  1942 | D:2      | Found a shimmering blue altar of Sif Muna.
  2517 | D:2      | Reached XP level 5. HP: 5/35 MP: 0/9
  3009 | D:4      | Noticed Sigmund
  3228 | D:4      | Found a staircase to the Ecumenical Temple.
  3234 | Temple   | Entered the Ecumenical Temple
  3352 | Temple   | Became a worshipper of Kikubaaqudgha
  3461 | D:4      | Noticed Menkaure
  3630 | D:4      | Reached skill level 5 in Conjurations
  3630 | D:4      | Reached XP level 6. HP: 16/41 MP: 7/10
  3864 | D:4      | Noticed Duvessa
  3991 | D:3      | Killed Sigmund
  3991 | D:3      | Reached XP level 7. HP: 46/46 MP: 6/11
  4028 | D:3      | Reached skill level 1 in Fire Magic
  4185 | D:3      | Reached skill level 1 in Air Magic
  4790 | D:4      | Found a runed translucent door.
  4791 | D:4      | Noticed Crazy Yiuf
  5058 | D:4      | Noticed Dowan
  5071 | D:4      | Killed Dowan
  5071 | D:4      | Reached * piety under Kikubaaqudgha
  5071 | D:4      | Identified Kikubaaqudgha's Grimoire of Black Secrets
                  | (Kikubaaqudgha gifted it to you on level 4 of the Dungeon)
  5071 | D:4      | Received a gift from Kikubaaqudgha
  5071 | D:4      | Reached XP level 8. HP: 50/52 MP: 2/12
  5160 | D:4      | Killed Duvessa
  5207 | D:4      | Learned a level 2 spell: Sublimation of Blood
  5211 | D:4      | Learned a level 3 spell: Regeneration
  5260 | D:4      | Killed Crazy Yiuf
  5399 | D:4      | Killed Menkaure
  5446 | D:5      | Entered Level 5 of the Dungeon
  5720 | D:5      | Reached skill level 1 in Charms
  5720 | D:5      | Reached skill level 1 in Necromancy
  5813 | D:5      | Found a bloodstained altar of Trog.
  6279 | D:5      | Found a glowing silver altar of Zin.
  6282 | D:5      | Found a hide-covered altar of Uskayaw.
  6285 | D:5      | Found a stormy altar of Qazlal.
  7059 | D:6      | Found a snail-covered altar of Cheibriados.
  7369 | D:6      | Reached ** piety under Kikubaaqudgha
  7369 | D:6      | Reached XP level 9. HP: 40/57 MP: 13/15
  7398 | D:7      | Noticed a two-headed ogre
  7400 | D:7      | Noticed Prince Ribbit
  7499 | D:6      | Killed Prince Ribbit
  7612 | D:6      | Reached skill level 5 in Fire Magic
  7870 | D:7      | Killed a two-headed ogre
  7870 | D:7      | Reached skill level 5 in Spellcasting
  7870 | D:7      | Reached skill level 5 in Air Magic
  7870 | D:7      | Reached XP level 10. HP: 44/63 MP: 2/18
  8580 | D:8      | Reached skill level 5 in Necromancy
  8604 | D:8      | Found an opulent altar of Gozag.
  8999 | D:8      | Reached *** piety under Kikubaaqudgha
  8999 | D:8      | Identified Kikubaaqudgha's Compendium of Dark Magic
                  | (Kikubaaqudgha gifted it to you on level 8 of the Dungeon)
  8999 | D:8      | Received a gift from Kikubaaqudgha
  9020 | D:8      | Learned a level 5 spell: Dispel Undead
  9180 | D:9      | Reached skill level 1 in Fighting
  9180 | D:9      | Reached skill level 1 in Armour
  9531 | D:9      | Noticed Erica
  9563 | D:9      | Killed Erica
  9563 | D:9      | Reached XP level 11. HP: 46/75 MP: 5/22
  9812 | D:9      | Found Dicsayff's Distillery.
  9819 | D:9      | Bought a potion of mutation for 128 gold pieces
  9819 | D:9      | Gained mutation: You are partially covered in molten
                  | scales. (AC +2) [potion of mutation]
  9819 | D:9      | Gained mutation: You possess an exceptional clarity of
                  | mind. [potion of mutation]
 10018 | D:10     | Entered Level 10 of the Dungeon
 10174 | D:10     | Noticed a two-headed ogre
 10208 | D:10     | Found Warousue's Armour Emporium.
 10333 | D:10     | Killed a two-headed ogre
 10520 | D:10     | Reached **** piety under Kikubaaqudgha
 10746 | D:10     | Found a staircase to the Lair.
 11120 | D:11     | Reached skill level 5 in Armour
 11124 | D:11     | Reached skill level 5 in Fighting
 11220 | D:11     | Noticed an eight-headed hydra
 11518 | D:11     | Reached ***** piety under Kikubaaqudgha
 11532 | D:11     | Reached skill level 5 in Dodging
 11600 | D:12     | Noticed a skeletal warrior
 11605 | D:12     | Killed a skeletal warrior
 11847 | D:12     | Reached XP level 12. HP: 67/87 MP: 17/23
 12080 | D:11     | HP: 3/88 [red ugly thing (14)]
 12300 | D:12     | Noticed a skeletal warrior
 12300 | D:12     | Noticed a skeletal warrior
 12300 | D:12     | Noticed a skeletal warrior
 12320 | D:12     | Found a radiant altar of Vehumet.
 12356 | D:12     | Killed a skeletal warrior
 12619 | D:12     | Found a roughly hewn altar of Beogh.
 12619 | D:12     | Found a staircase to the Orcish Mines.
 12811 | D:12     | Killed a skeletal warrior
 12829 | D:12     | Noticed a death knight
 12840 | D:12     | Noticed a skeletal warrior
 12870 | D:12     | Killed a skeletal warrior
 12878 | D:12     | Killed a skeletal warrior
 12884 | D:12     | Noticed a centaur warrior
 12959 | D:12     | Killed a centaur warrior
 13020 | D:12     | Noticed Maurice
 13030 | D:12     | Killed Maurice
 13162 | D:12     | Killed a death knight
 13294 | Orc:1    | Entered Level 1 of the Orcish Mines
 13695 | Orc:1    | Noticed an ettin
 13713 | Orc:1    | Killed an ettin
 13713 | Orc:1    | Reached XP level 13. HP: 41/99 MP: 0/24
 13998 | Orc:2    | Entered Level 2 of the Orcish Mines
 14270 | Orc:2    | Reached ****** piety under Kikubaaqudgha
 14271 | Orc:2    | Received a gift from Kikubaaqudgha
 14272 | Orc:2    | Fell from the grace of Kikubaaqudgha
 14277 | Orc:2    | Noticed an orc warlord
 14418 | D:8      | Became a worshipper of Gozag Ym Sagoz the Greedy
 14510 | Lair:1   | Entered Level 1 of the Lair of Beasts
 14987 | Lair:1   | Reached skill level 10 in Fighting
 15103 | Lair:1   | Reached skill level 10 in Armour
 15225 | Lair:1   | Noticed a seven-headed hydra
 15250 | Lair:1   | Killed a six-headed hydra
 15488 | Lair:2   | Found a staircase to the Shoals.
 15579 | Lair:2   | Noticed a six-headed hydra
 15607 | Lair:2   | Killed a four-headed hydra
 16605 | Lair:3   | Noticed a seven-headed hydra
 16617 | Lair:3   | Killed a five-headed hydra
 16663 | Lair:3   | Reached skill level 10 in Spellcasting
 16663 | Lair:3   | Reached XP level 14. HP: 72/110 MP: 16/28
 16992 | Lair:3   | Got a smoking morningstar
 16993 | Lair:3   | Identified the +3 morningstar "Goblinslayer" {holy, rF+ rN+
                  | Int+7} (You found it on level 3 of the Lair of Beasts)
 17447 | Lair:4   | You fall into a shaft and drop 2 floors!
 17447 | Lair:6   | Entered Level 6 of the Lair of Beasts
 18237 | Lair:6   | Was forgiven by Kikubaaqudgha
 19780 | Lair:5   | You fall into a shaft and drop 1 floor!
 19857 | Lair:5   | Found a staircase to the Slime Pits.
 20150 | Lair:5   | Reached XP level 15. HP: 47/115 MP: 19/33
 20872 | Lair:4   | Found a hole to the Spider Nest.
 20888 | Lair:4   | Learned a level 9 spell: Shatter
 21186 | Lair:4   | Reached skill level 1 in Earth Magic
 21232 | Lair:4   | Reached skill level 2 in Earth Magic
 21590 | Lair:4   | Identified 2 scrolls of acquirement
 21881 | D:11     | Reached skill level 3 in Earth Magic
 22079 | Orc:2    | Noticed Nessos
 22254 | Orc:2    | Killed an orc warlord
 22254 | Orc:2    | Reached skill level 15 in Spellcasting
 22254 | Orc:2    | Reached skill level 4 in Earth Magic
 22479 | Orc:2    | Reached skill level 5 in Earth Magic
 22656 | Orc:2    | Reached skill level 6 in Earth Magic
 22731 | Orc:2    | Found a staircase to the Elven Halls.
 22808 | Orc:2    | Killed Nessos
 22931 | Orc:2    | Reached skill level 7 in Earth Magic
 23039 | Orc:2    | Gained mutation: Your spells are a little easier to cast,
                  | but a little less powerful. [a neqoxec]
 23042 | Orc:1    | Lost mutation: You possess an exceptional clarity of mind.
                  | [potion of mutation]
 23042 | Orc:1    | Lost mutation: You are partially covered in molten scales.
                  | (AC +2) [potion of mutation]
 23042 | Orc:1    | Gained mutation: Your movements are slightly less
                  | encumbered by armour. (ER -2) [potion of mutation]
 23222 | Orc:2    | Found Zogoanla's General Store.
 23223 | Orc:2    | Found Taeleunny's Book Emporium.
 23224 | Orc:2    | Found Niweovva's Antique Armour Shoppe.
 23224 | Orc:2    | Found Sesul's Antique Weapon Shoppe.
 23414 | Orc:2    | Bought a shiny buckler for 247 gold pieces
 23414 | Orc:2    | Bought a pair of boots for 148 gold pieces
 23414 | Orc:2    | Bought a slimy robe for 188 gold pieces
 23414 | Orc:2    | Bought a distressingly furry ring mail for 297 gold pieces
 23438 | Orc:2    | Identified the +2 robe of Vyxom {rC+ Str+3 Dex-2} (You
                  | bought it in a shop on level 2 of the Orcish Mines)
 23448 | Orc:2    | Identified the cursed +1 ring mail of Greater Demons {+Inv
                  | Regen+ Str-5} (You bought it in a shop on level 2 of the
                  | Orcish Mines)
 23490 | Orc:2    | Reached skill level 1 in Shields
 23616 | D:13     | Found Ofunuf's Assorted Antiques.
 23668 | D:13     | Bought a paperback book for 480 gold pieces
 23668 | D:13     | Bought a scroll of identify for 64 gold pieces
 23698 | D:13     | Found a stormy altar of Qazlal.
 23701 | D:13     | Noticed Sonja
 23758 | D:13     | Killed Sonja
 23762 | D:13     | Noticed Josephine
 23775 | D:13     | Killed Josephine
 23775 | D:13     | Reached skill level 8 in Earth Magic
 23868 | D:13     | Noticed Kirke
 23874 | D:13     | Found Yheatusk's Book Shop.
 23894 | D:12     | Reached skill level 9 in Earth Magic
 24022 | D:13     | Found Ozagohut's Armour Shoppe.
 24026 | D:13     | Noticed Rupert
 24110 | D:13     | Bought a book of Unlife for 780 gold pieces
 24127 | D:13     | Learned a level 5 spell: Borgnjor's Vile Clutch
 24151 | D:13     | Found Ilemimy's Food Emporium.
 24167 | D:13     | Found Recam's Gadget Boutique.
 24235 | D:13     | Killed Rupert
 24262 | D:13     | Reached skill level 10 in Earth Magic
 24423 | D:13     | You fall into a shaft and drop 2 floors!
 24423 | D:15     | Entered Level 15 of the Dungeon
 24441 | D:15     | Reached XP level 16. HP: 113/122 MP: 28/35
 24509 | D:15     | Identified the cursed +0 triple sword of Messirgh
                  | {antimagic, rN+ Int+3}
 24523 | D:15     | Identified the +8 war axe "Pirchuimn" {vamp, rC+ Stlth+}
 24544 | D:15     | Identified the ring of the Open Hand {rN++ Dex+5}
 24555 | D:15     | Noticed Yzup's ghost (journeyman DrTm)
 24556 | D:15     | Found a bloodstained altar of Trog.
 24604 | D:15     | Reached skill level 11 in Earth Magic
 24639 | D:15     | Found a staircase to the Depths.
 24934 | D:15     | Found a transporter.
 24936 | D:15     | Found a transporter.
 25009 | D:15     | Reached skill level 12 in Earth Magic
 25071 | D:15     | Got an iridescent arbalest
 25207 | D:15     | Identified the cursed +0 arbalest of Pakk {flame, Int+4}
                  | (You found it on level 15 of the Dungeon)
 25413 | D:15     | Reached skill level 13 in Earth Magic
 25414 | D:15     | Killed Yzup's ghost
 25682 | D:14     | Reached skill level 14 in Earth Magic
 26279 | D:14     | Found a gate to the Vaults.
 26417 | D:14     | Reached skill level 15 in Earth Magic
 26742 | D:13     | Noticed Erolcha
 26774 | D:13     | Killed Erolcha
 26961 | D:12     | Killed Kirke
 27749 | Shoals:1 | Entered Level 1 of the Shoals
 27829 | Shoals:1 | Found the +6 arbalest "Damnation" {damnation}
 27841 | Shoals:1 | Reached XP level 17. HP: 97/128 MP: 19/36
 28076 | Shoals:1 | Reached skill level 16 in Earth Magic
 28946 | Shoals:2 | Reached skill level 17 in Earth Magic
 29076 | Shoals:2 | Noticed Polyphemus
 29200 | Shoals:2 | Killed Polyphemus
 29332 | Shoals:2 | Noticed a kraken
 29364 | Shoals:2 | Killed a kraken
 29460 | Shoals:2 | Reached skill level 5 in Shields
 30125 | Shoals:3 | Found Juwat's Assorted Antiques.
 30133 | Shoals:3 | Bought a scroll of identify for 70 gold pieces
 30133 | Shoals:3 | Bought a scroll of identify for 70 gold pieces
 30133 | Shoals:3 | Bought a scroll labeled PAEKKO VOSHRAO for 35 gold pieces
 30343 | Shoals:3 | Noticed Ilsuiw
 30357 | Shoals:3 | Killed Ilsuiw
 30549 | Shoals:3 | Noticed a kraken
 30577 | Shoals:3 | Killed a kraken
 31055 | Shoals:4 | Entered Level 4 of the Shoals
 31101 | Shoals:4 | Got an ancient hunting sling
 31102 | Shoals:4 | Identified the +12 hunting sling of Due Proportion
                  | {velocity, rElec} (You found it on level 4 of the Shoals)
 31222 | Shoals:4 | Reached XP level 18. HP: 77/134 MP: 27/37
 31373 | Shoals:4 | Got a barnacled rune of Zot
 31447 | Shoals:4 | Reached skill level 18 in Earth Magic
 31675 | Shoals:4 | Reached skill level 10 in Necromancy
 32104 | Shoals:4 | Got a slimy long sword
 32105 | Shoals:4 | Identified the +5 long sword "Punuxueg" {vamp, *Slow Int+5}
                  | (You found it on level 4 of the Shoals)
 32819 | Spider:1 | Entered Level 1 of the Spider Nest
 33939 | Spider:2 | Reached XP level 19. HP: 131/140 MP: 34/39
 35113 | Spider:4 | Entered Level 4 of the Spider Nest
 35518 | Spider:4 | Noticed Mara
 35530 | Spider:4 | Noticed DildoBatman's illusion
 35532 | Spider:4 | Killed Mara
 35532 | Spider:4 | Reached skill level 15 in Necromancy
 35819 | Spider:4 | Got a fine whip
 35820 | Spider:4 | Identified the cursed +0 whip "Emurr" {vamp, Str+2} (You
                  | found it on level 4 of the Spider Nest)
 36294 | Spider:4 | Reached XP level 20. HP: 36/147 MP: 13/40
 36421 | Spider:4 | Noticed Donald
 36427 | Spider:4 | Killed Donald
 36487 | Spider:4 | Got a gossamer rune of Zot
 36711 | Spider:4 | Learned a level 3 spell: Ozocubu's Armour
 36720 | Spider:4 | Learned a level 8 spell: Necromutation
 37012 | Vaults:1 | Entered Level 1 of the Vaults
 37163 | D:9      | Bought a potion of might for 64 gold pieces
 37163 | D:9      | Bought a potion of curing for 48 gold pieces
 37163 | D:9      | Bought a potion of might for 64 gold pieces
 37163 | D:9      | Bought a potion of curing for 48 gold pieces
 37163 | D:9      | Bought a potion of curing for 48 gold pieces
 37163 | D:9      | Bought a potion of invisibility for 128 gold pieces
 37163 | D:9      | Bought a potion of heal wounds for 80 gold pieces
 37163 | D:9      | Bought a potion of curing for 48 gold pieces
 37163 | D:9      | Bought a potion of heal wounds for 80 gold pieces
 37163 | D:9      | Bought a potion of curing for 48 gold pieces
 37448 | Vaults:1 | Reached skill level 1 in Ice Magic
 37563 | Vaults:1 | Reached skill level 5 in Charms
 38133 | Vaults:1 | Reached skill level 5 in Ice Magic
 38670 | Vaults:2 | Found Woicas's Antique Weapon Emporium.
 39082 | Vaults:2 | Reached XP level 21. HP: 51/153 MP: 27/41
 39594 | Vaults:2 | Found a runed translucent gate.
 39594 | Vaults:2 | Found a runed translucent gate.
 39594 | Vaults:2 | Noticed MackTheFife's ghost (veteran HOGl)
 39595 | Vaults:2 | Found a runed translucent gate.
 39597 | Vaults:2 | Identified the +7 demon whip of Synobea {pain, Stlth+}
 39681 | Vaults:2 | Noticed Aizul
 39688 | Vaults:2 | Killed Aizul
 39835 | Vaults:2 | Reached skill level 1 in Transmutations
 39989 | Vaults:2 | Found a roughly hewn altar of Beogh.
 39989 | Vaults:2 | Identified the +1 troll leather armour "Fyismame" {Regen+
                  | Int+2}
 40005 | Vaults:2 | Killed MackTheFife's ghost
 40020 | Vaults:2 | Reached skill level 5 in Transmutations
 40532 | Vaults:3 | Reached XP level 22. HP: 159/159 MP: 34/42
 40673 | Vaults:3 | Reached skill level 10 in Transmutations
 40938 | Vaults:3 | Found a staircase to the Crypt.
 40938 | Vaults:3 | Found a basalt altar of Yredelemnul.
 40939 | Vaults:3 | Found an ancient bone altar of Kikubaaqudgha.
 42496 | Vaults:4 | Found Weloceh's Gadget Shoppe.
 42504 | Vaults:4 | Bought a wand of acid (6) for 440 gold pieces
 42504 | Vaults:4 | Bought a wand of iceblast (8) for 264 gold pieces
 42504 | Vaults:4 | Bought a wand of iceblast (4) for 176 gold pieces
 43022 | Elf:1    | Entered Level 1 of the Elven Halls
 43022 | Elf:1    | Noticed Azrael
 43072 | Elf:1    | Killed Azrael
 43221 | Elf:1    | Noticed Frances
 43235 | Elf:1    | Killed Frances
 43290 | Elf:1    | Reached skill level 15 in Transmutations
 43336 | Elf:1    | Reached XP level 23. HP: 115/165 MP: 31/43
 43467 | Elf:1    | Noticed Jorgrun
 43485 | Elf:1    | Killed Jorgrun
 43615 | Elf:1    | Identified the Catalogue of the Vacuum
 44175 | Elf:2    | Found Boiryang's Armour Boutique.
 44180 | Elf:2    | Bought the +2 pair of boots "Necsab" {MR+ rCorr Int-4} for
                  | 388 gold pieces
 44503 | Elf:2    | Found a runed translucent gate.
 44503 | Elf:2    | Found a runed translucent gate.
 44504 | Elf:2    | Found a runed translucent gate.
 44961 | Elf:3    | Entered Level 3 of the Elven Halls
 45326 | Elf:3    | Found a runed translucent gate.
 45326 | Elf:3    | Found a runed translucent gate.
 45326 | Elf:3    | Found a runed translucent gate.
 45380 | Elf:3    | Found a runed translucent gate.
 45380 | Elf:3    | Found a runed translucent gate.
 45385 | Elf:3    | Found a runed translucent gate.
 45389 | Elf:3    | Noticed WiseOSalty's ghost (adept DsFi)
 45469 | Elf:3    | Killed WiseOSalty's ghost
 45605 | Elf:3    | Reached XP level 24. HP: 172/172 MP: 39/43
 45633 | Elf:3    | Got an ichor-stained robe
 45681 | Elf:3    | Identified the +2 robe of the Bouncing Mice {Dex+3} (You
                  | found it on level 3 of the Elven Halls)
 45873 | Elf:3    | Reached skill level 19 in Earth Magic
 46051 | Elf:3    | Found the +4 moon troll leather armour {Spirit, Regen++
                  | MP+5}
 46064 | Elf:3    | Identified the Tome of Enhancements and Weightlessness
 46074 | Elf:3    | Identified the Guide on Shifting Fire
 46157 | Elf:3    | Identified the Compendium of the Earthen Glacier
 46214 | Elf:3    | Got a pair of dazzling gloves
 46218 | Elf:3    | Got a faintly glowing short sword
 46234 | Elf:3    | Got a transparent hand axe
 46242 | Elf:3    | Got a polished battleaxe
 46246 | Elf:3    | Got a bloodstained ring mail
 46260 | Elf:3    | Identified the +0 pair of gloves of Lugonu's Indignation
                  | {+Blink +Fly rPois rC+} (You found it on level 3 of the
                  | Elven Halls)
 46270 | Elf:3    | Identified the +1 ring mail "Fillaup" {Str+4} (You found it
                  | on level 3 of the Elven Halls)
 46277 | Elf:3    | Identified the +2 short sword of Wiesionk {pain, rF+ rN+
                  | MR+ Dex-5} (You found it on level 3 of the Elven Halls)
 46279 | Elf:3    | Identified the +6 hand axe of Pelei {flame, Fragile rElec
                  | MP+9} (You found it on level 3 of the Elven Halls)
 46281 | Elf:3    | Identified the cursed +0 battleaxe of the Endless Expanse
                  | {drain, rC+} (You found it on level 3 of the Elven Halls)
 46716 | D:13     | Bought a scroll of acquirement for 1664 gold pieces
 46716 | D:13     | Bought a potion of curing for 96 gold pieces
 46716 | D:13     | Bought a scroll of fog for 64 gold pieces
 46716 | D:13     | Bought a potion of curing for 96 gold pieces
 46857 | Crypt:1  | Entered Level 1 of the Crypt
 46867 | Crypt:1  | Noticed Saint Roka
 46923 | Crypt:1  | Reached skill level 20 in Earth Magic
 46934 | Crypt:1  | Killed Saint Roka
 48003 | Crypt:2  | Reached skill level 21 in Earth Magic
 48280 | Crypt:3  | Entered Level 3 of the Crypt
 48281 | Crypt:3  | Noticed Boris
 48348 | Crypt:3  | Killed Boris
 48354 | Crypt:3  | Reached XP level 25. HP: 74/177 MP: 6/43
 48594 | Crypt:3  | Reached skill level 22 in Earth Magic
 49014 | Crypt:3  | Identified the ring "Xunkeni" {rC+ rN+ Dex+3 Stlth+}
 49034 | Crypt:3  | Noticed Bai Suzhen
 49180 | Crypt:2  | Killed Bai Suzhen
 49180 | Crypt:2  | Reached skill level 23 in Earth Magic
 49381 | Crypt:3  | Noticed an ancient lich
 49398 | Crypt:3  | Killed an ancient lich
 49418 | Crypt:3  | Noticed an ancient lich
 49424 | Crypt:3  | Killed an ancient lich
 49431 | Crypt:3  | Identified the Reference Book on Confrontation
 49462 | Crypt:3  | Got a heavily runed lead amulet
 49466 | Crypt:3  | Got a heavily runed ruby amulet
 49466 | Crypt:3  | Got a warped glass ring
 49469 | Crypt:3  | Got a steaming dagger
 49524 | Crypt:3  | Identified the +5 dagger of Mypnol {flame, Fragile rElec
                  | rC+ Int+6} (You found it on level 3 of the Crypt)
 49548 | Crypt:3  | Identified the ring of Zurot {+Blink +Fly rN+ Int+4 Dex-2}
                  | (You found it on level 3 of the Crypt)
 49550 | Crypt:3  | Identified the amulet "Cejamera" {*Drain rPois Regen+
                  | Str+3} (You found it on level 3 of the Crypt)
 49551 | Crypt:3  | Identified the amulet "Lioxziy" {RegenMP Dex+7} (You found
                  | it on level 3 of the Crypt)
 49759 | Crypt:3  | Found a staircase to the Tomb.
 49916 | Tomb:1   | Entered Level 1 of the Tomb of the Ancients
 49994 | Tomb:1   | Reached skill level 1 in Evocations
 50076 | Tomb:1   | Learned a level 5 spell: Bolt of Magma
 50078 | Tomb:1   | Noticed an ancient lich
 50084 | Tomb:1   | Killed an ancient lich
 50099 | Tomb:1   | Noticed Jory
 50105 | Tomb:1   | Killed Jory
 50105 | Tomb:1   | Reached skill level 24 in Earth Magic
 50131 | Tomb:1   | Reached skill level 5 in Evocations
 50179 | Tomb:1   | Reached XP level 26. HP: 168/184 MP: 15/43
 50222 | Tomb:1   | Noticed Sojobo
 50251 | Tomb:1   | Killed Sojobo
 50647 | Tomb:1   | Noticed a greater mummy
 50655 | Tomb:1   | Killed a greater mummy
 51041 | Tomb:1   | Noticed a greater mummy
 51058 | Tomb:1   | Killed a greater mummy
 51058 | Tomb:1   | Reached skill level 25 in Earth Magic
 51098 | Tomb:1   | Noticed a greater mummy
 51103 | Tomb:1   | Killed a greater mummy
 51123 | Tomb:1   | Noticed a greater mummy
 51132 | Tomb:1   | Killed a greater mummy
 51164 | Tomb:1   | Noticed a greater mummy
 51172 | Tomb:1   | Killed a greater mummy
 51200 | Tomb:1   | Noticed a greater mummy
 51207 | Tomb:1   | Killed a greater mummy
 51217 | Tomb:1   | Noticed a greater mummy
 51226 | Tomb:1   | Killed a greater mummy
 51312 | Tomb:1   | Noticed a greater mummy
 51320 | Tomb:1   | Killed a greater mummy
 51423 | Tomb:1   | Noticed a greater mummy
 51438 | Tomb:1   | Killed a greater mummy
 51498 | Tomb:1   | Noticed a greater mummy
 51501 | Tomb:1   | Reached skill level 26 in Earth Magic
 51510 | Tomb:1   | Killed a greater mummy
 51514 | Tomb:1   | Noticed a greater mummy
 51517 | Tomb:1   | Noticed a greater mummy
 51518 | Tomb:1   | Noticed a greater mummy
 51520 | Tomb:1   | Noticed a greater mummy
 51531 | Tomb:1   | Killed a greater mummy
 51531 | Tomb:1   | Killed a greater mummy
 51531 | Tomb:1   | Killed a greater mummy
 51631 | Tomb:1   | Killed a greater mummy
 52226 | Vaults:5 | Entered Level 5 of the Vaults
 52229 | Vaults:5 | Reached XP level 27. HP: 166/190 MP: 17/43
 52229 | Vaults:5 | Reached skill level 27 in Earth Magic
 52243 | Vaults:4 | Learned a level 9 spell: Tornado
 52464 | Vaults:4 | HP: 8/190 [storm dragon (12)]
 52664 | Vaults:5 | Noticed an ancient lich
 52801 | Vaults:5 | Killed an ancient lich
 52813 | Vaults:4 | Reached skill level 10 in Air Magic
 53204 | Vaults:5 | Identified the ring "Peatoo Vepn" {rElec rF- rN+ Int+4
                  | Dex+8}
 53574 | Vaults:5 | Got a bound platinum amulet
 53684 | Vaults:5 | Got a silver rune of Zot
 53737 | Vaults:5 | Got a twisted dagger
 53742 | Vaults:5 | Identified Yruj Pifogh's Collected Works on Cankerous
                  | Sinister Secrets
 54124 | Vaults:5 | Got a tattered robe
 54125 | Vaults:5 | Identified Sif Muna's Compendium of Unholy Rituals
 54539 | Vaults:5 | Identified the amulet of Kyamn {Inacc Str+2 SInv} (You
                  | found it on level 5 of the Vaults)
 54550 | Vaults:5 | Identified the +1 robe of Past Mistakes {MP+9 Stlth+} (You
                  | found it on level 5 of the Vaults)
 54561 | Vaults:5 | Identified the +3 dagger of Gekolam {pierce, Int+2} (You
                  | found it on level 5 of the Vaults)
 55214 | Tomb:2   | Noticed a greater mummy
 55219 | Tomb:2   | Noticed a greater mummy
 55229 | Tomb:2   | Killed a greater mummy
 55234 | Tomb:2   | Killed a greater mummy
 55235 | Tomb:2   | Noticed a greater mummy
 55335 | Tomb:2   | Noticed a greater mummy
 55346 | Tomb:2   | Killed a greater mummy
 55352 | Tomb:2   | Killed a greater mummy
 55456 | Tomb:2   | Noticed a greater mummy
 55462 | Tomb:2   | Killed a greater mummy
 56001 | Tomb:2   | Lost mutation: Your spells are a little easier to cast, but
                  | a little less powerful. [potion of mutation]
 56001 | Tomb:2   | Gained mutation: Your flesh is cold resistant. (rC+)
                  | [potion of mutation]
 56001 | Tomb:2   | Gained mutation: You are resistant to hostile enchantments.
                  | (MR+) [potion of mutation]
 56001 | Tomb:2   | Gained mutation: Your mind is acute. (Int +2) [potion of
                  | mutation]
 56002 | Tomb:2   | Lost mutation: Your mind is acute. (Int +2) [potion of
                  | mutation]
 56002 | Tomb:2   | Lost mutation: Your flesh is cold resistant. (rC+) [potion
                  | of mutation]
 56002 | Tomb:2   | Lost mutation: Your movements are slightly less encumbered
                  | by armour. (ER -2) [potion of mutation]
 56002 | Tomb:2   | Gained mutation: You are weak. (Str -2) [potion of
                  | mutation]
 56002 | Tomb:2   | Gained mutation: You are frail. (-10% HP) [potion of
                  | mutation]
 56002 | Tomb:2   | Gained mutation: You have large cloven feet. [potion of
                  | mutation]
 56003 | Tomb:2   | Lost mutation: You are weak. (Str -2) [potion of mutation]
 56003 | Tomb:2   | Lost mutation: You are frail. (-10% HP) [potion of
                  | mutation]
 56003 | Tomb:2   | Gained mutation: Your muscles are strong. (Str +2) [potion
                  | of mutation]
 56003 | Tomb:2   | Gained mutation: You expend magic power (3 MP) to
                  | strengthen your wands. [potion of mutation]
 56003 | Tomb:2   | Gained mutation: Your mind is acute. (Int +2) [potion of
                  | mutation]
 56004 | Tomb:2   | Lost mutation: You have large cloven feet. [potion of
                  | mutation]
 56004 | Tomb:2   | Lost mutation: You expend magic power (3 MP) to strengthen
                  | your wands. [potion of mutation]
 56004 | Tomb:2   | Lost mutation: Your muscles are strong. (Str +2) [potion of
                  | mutation]
 56004 | Tomb:2   | Gained mutation: Scrolls take you a little longer to read.
                  | [potion of mutation]
 56004 | Tomb:2   | Gained mutation: You have large cloven feet. [potion of
                  | mutation]
 56004 | Tomb:2   | Gained mutation: You are somewhat resistant to further
                  | mutation. [potion of mutation]
 56005 | Tomb:2   | Lost mutation: You are resistant to hostile enchantments.
                  | (MR+) [potion of mutation]
 56005 | Tomb:2   | Lost mutation: Your mind is acute. (Int +2) [potion of
                  | mutation]
 56005 | Tomb:2   | Lost mutation: You are somewhat resistant to further
                  | mutation. [potion of mutation]
 56005 | Tomb:2   | Gained mutation: You have a beak for a mouth. [potion of
                  | mutation]
 56005 | Tomb:2   | Gained mutation: Your spells are a little harder to cast,
                  | but a little more powerful. [potion of mutation]
 56026 | Tomb:3   | Entered Level 3 of the Tomb of the Ancients
 56061 | Tomb:3   | Noticed a greater mummy
 56064 | Tomb:3   | Noticed an ancient lich
 56069 | Tomb:3   | Noticed an ancient lich
 56074 | Tomb:3   | Killed an ancient lich
 56074 | Tomb:3   | Reached skill level 15 in Air Magic
 56077 | Tomb:3   | Noticed Khufu
 56077 | Tomb:3   | Noticed a greater mummy
 56090 | Tomb:3   | Killed an ancient lich
 56095 | Tomb:3   | Killed a greater mummy
 56098 | Tomb:3   | Killed a greater mummy
 56099 | Tomb:3   | Noticed a greater mummy
 56132 | Tomb:3   | Killed a greater mummy
 56192 | Tomb:3   | Noticed a greater mummy
 56209 | Tomb:3   | Killed a greater mummy
 56237 | Tomb:3   | Noticed a greater mummy
 56237 | Tomb:3   | Noticed a greater mummy
 56241 | Tomb:3   | Killed a greater mummy
 56242 | Tomb:3   | Killed Khufu
 56242 | Tomb:3   | Killed a greater mummy
 56594 | Tomb:3   | Got a golden rune of Zot
 56648 | Tomb:3   | Found the +5 robe of Misfortune {*Contam Harm *Corrode
                  | *Drain *Slow EV+5}
 56708 | Tomb:3   | Identified the Disquisition on the Frostbite
 56794 | Tomb:3   | Got a fine broad axe
 56795 | Tomb:3   | Identified the +7 broad axe of Untimely Demise {flame,
                  | *Rage rElec MP+9} (You found it on level 3 of the Tomb of
                  | the Ancients)
 56800 | Tomb:3   | Got a pitted short sword
 56801 | Tomb:3   | Identified the +8 short sword "Nuycwaff" {pierce, rPois
                  | Int+4 Stlth+} (You found it on level 3 of the Tomb of the
                  | Ancients)
 56810 | Tomb:3   | Got a crystal battleaxe
 56811 | Tomb:3   | Identified the +4 battleaxe of Saog {protect, rF- rN+
                  | Int+3} (You found it on level 3 of the Tomb of the
                  | Ancients)
 56952 | Tomb:3   | Found the +8 orange crystal plate armour {Archmagi, Int+3
                  | Clar}
 56989 | Tomb:3   | Identified a +1 pair of boots of running (You acquired it
                  | on level 3 of the Tomb of the Ancients)
 56998 | Tomb:3   | Bought a pair of embroidered gloves for 195 gold pieces
 56998 | Tomb:3   | Bought a faintly glowing leather armour for 182 gold pieces
 56998 | Tomb:3   | Bought a pair of glowing gloves for 195 gold pieces
 57030 | Tomb:3   | Identified the cursed +1 leather armour of Pualups {rC+ rN+
                  | Dex+2} (You bought it in a shop on level 3 of the Tomb of
                  | the Ancients)
 57058 | Tomb:3   | Bought a pair of smoking boots for 304 gold pieces
 57058 | Tomb:3   | Bought a spiked ring mail for 288 gold pieces
 57068 | Tomb:3   | Identified the cursed -1 pair of boots of the Eternal Fruit
                  | {Int+4 Dex+4} (You bought it in a shop on level 3 of the
                  | Tomb of the Ancients)
 57078 | Tomb:3   | Identified the +1 ring mail "Jeokicuk" {rPois rF+ Int-2}
                  | (You bought it in a shop on level 3 of the Tomb of the
                  | Ancients)
 57101 | Tomb:3   | Bought a jewelled leather armour for 301 gold pieces
 57101 | Tomb:3   | Bought a ripped robe for 245 gold pieces
 57101 | Tomb:3   | Bought a bronze leather armour for 301 gold pieces
 57106 | Tomb:3   | Identified the +1 leather armour of the Realm of Zot {MR+}
                  | (You bought it in a shop on level 3 of the Tomb of the
                  | Ancients)
 57117 | Tomb:3   | Identified the cursed +0 robe of Parts Unknown {Int+4} (You
                  | bought it in a shop on level 3 of the Tomb of the Ancients)
 57129 | Tomb:3   | Identified the +3 leather armour of the First Snow {Regen+
                  | Str+3 Int-2 Dex+6} (You bought it in a shop on level 3 of
                  | the Tomb of the Ancients)
 57203 | Zig:1    | Entered Level 1 of a ziggurat
 57232 | Zig:2    | Entered Level 2 of a ziggurat
 57238 | Zig:2    | Reached skill level 1 in Throwing
 57269 | Zig:3    | Entered Level 3 of a ziggurat
 57320 | Zig:4    | Entered Level 4 of a ziggurat
 57394 | Zig:5    | Entered Level 5 of a ziggurat
 57399 | Zig:5    | Noticed Docrer the pandemonium lord
 57412 | Zig:5    | Killed Docrer the pandemonium lord
 57426 | Zig:5    | Got a smoking amber ring
 57479 | Zig:6    | Entered Level 6 of a ziggurat
 57525 | Zig:6    | Identified Vappo's Further Steps in Sorcery
 57550 | Zig:7    | Entered Level 7 of a ziggurat
 57553 | Zig:7    | Noticed a Killer Klown
 57555 | Zig:7    | Noticed Hufuxtir the pandemonium lord
 57564 | Zig:7    | Killed a Killer Klown
 57565 | Zig:7    | Reached skill level 5 in Throwing
 57565 | Zig:7    | Reached skill level 10 in Shields
 57569 | Zig:7    | Killed Hufuxtir the pandemonium lord
 57626 | Zig:7    | Got a brightly glowing golden ring
 57670 | Zig:8    | Entered Level 8 of a ziggurat
 57754 | Zig:9    | Entered Level 9 of a ziggurat
 57798 | Zig:9    | Got a vibrating crystal amulet
 57828 | Zig:9    | Got a transparent hand crossbow
 57832 | Zig:9    | Identified the +1 hand crossbow "Spider's Peril" {velocity,
                  | MR+ Dex+3 SInv} (You found it on level 9 of a ziggurat)
 57845 | Zig:9    | Identified the ring "Gaohydo" {Ice rPois Str+2} (You found
                  | it on level 5 of a ziggurat)
 57848 | Zig:9    | Identified the amulet of the Ageless Ghosts {MR+ Regen+
                  | Str+2 Dex+4} (You found it on level 9 of a ziggurat)
 57851 | Zig:9    | Identified the ring of a Thousand Hells {rC+ rN+} (You
                  | found it on level 7 of a ziggurat)
 57866 | Zig:10   | Entered Level 10 of a ziggurat
 57943 | Zig:11   | Entered Level 11 of a ziggurat
 57963 | Zig:11   | Reached skill level 10 in Evocations
 58012 | Zig:11   | Got a shimmering brass ring
 58109 | Zig:12   | Entered Level 12 of a ziggurat
 58214 | Zig:12   | Got a translucent lajatang
 58216 | Zig:12   | Identified the +9 lajatang of Conscience {slice, rN++
                  | Str+5} (You found it on level 12 of a ziggurat)
 58219 | Zig:13   | Entered Level 13 of a ziggurat
 58331 | Zig:13   | Identified Sif Muna's Catalogue of Toxic Air
 58348 | Zig:14   | Entered Level 14 of a ziggurat
 58422 | Zig:14   | Reached skill level 15 in Fighting
 58476 | Zig:14   | Identified Seqiyth's Compendium of the Escort and
                  | Dislocation
 58492 | Zig:14   | Identified Nupaococ's Volume of Harmful Contamination
 58508 | Zig:15   | Entered Level 15 of a ziggurat
 58517 | Zig:15   | Noticed a juggernaut
 58518 | Zig:15   | Found the +8 storm bow {elec, penet}
 58518 | Zig:15   | Noticed a juggernaut
 58520 | Zig:15   | Noticed a juggernaut
 58521 | Zig:15   | Noticed a juggernaut
 58523 | Zig:15   | Killed a juggernaut
 58527 | Zig:15   | Killed a juggernaut
 58527 | Zig:15   | Killed a juggernaut
 58535 | Zig:15   | Killed a juggernaut
 58665 | Zig:16   | Entered Level 16 of a ziggurat
 58671 | Zig:16   | Noticed a Killer Klown
 58671 | Zig:16   | Noticed Gaanuger the pandemonium lord
 58671 | Zig:16   | Noticed Gocuaz the pandemonium lord
 58673 | Zig:16   | Noticed a Killer Klown
 58698 | Zig:16   | Killed a Killer Klown
 58705 | Zig:16   | Killed a Killer Klown
 58705 | Zig:16   | Noticed Ejeit the pandemonium lord
 58711 | Zig:16   | Noticed a Killer Klown
 58717 | Zig:16   | Noticed Viuthur the pandemonium lord
 58718 | Zig:16   | Killed Gaanuger the pandemonium lord
 58720 | Zig:16   | Killed a Killer Klown
 58720 | Zig:16   | Noticed a Killer Klown
 58723 | Zig:16   | Killed Gocuaz the pandemonium lord
 58723 | Zig:16   | Noticed Ecac the pandemonium lord
 58726 | Zig:16   | Killed a Killer Klown
 58727 | Zig:16   | Killed Ejeit the pandemonium lord
 58731 | Zig:16   | Killed Viuthur the pandemonium lord
 58734 | Zig:16   | Noticed a Killer Klown
 58739 | Zig:16   | Killed Ecac the pandemonium lord
 58740 | Zig:16   | Noticed a Killer Klown
 58769 | Zig:16   | Killed a Killer Klown
 58813 | Zig:16   | Found the +9 sword of Zonguldrok {reap}
 58831 | Zig:16   | Got a shimmering platinum ring
 58885 | Zig:17   | Entered Level 17 of a ziggurat
 58889 | Zig:17   | Identified the ring of Ocaosyno {rN+ Int+2 SInv} (You found
                  | it on level 11 of a ziggurat)
 58892 | Zig:17   | Identified the ring of Neurosis {rF+ Dex+2 Stlth+} (You
                  | found it on level 16 of a ziggurat)
 58908 | Zig:17   | Reached skill level 15 in Shields
 58924 | Zig:17   | Noticed an orb of fire
 58963 | Zig:17   | Noticed an orb of fire
 58967 | Zig:17   | Noticed an orb of fire
 58969 | Zig:17   | Noticed an orb of fire
 58969 | Zig:17   | Killed an orb of fire
 58969 | Zig:17   | Reached skill level 15 in Evocations
 58976 | Zig:17   | Killed an orb of fire
 58979 | Zig:17   | Killed an orb of fire
 58993 | Zig:17   | Killed an orb of fire
 59048 | Zig:17   | Identified Facesch's Collected Works on Confrontation and
                  | Companions
 59050 | Zig:17   | Identified the Disquisition on Summoning and Attacks
 59115 | Zig:18   | Entered Level 18 of a ziggurat
 59222 | Zig:18   | Found the +7 lajatang of Order {silver, rMut}
 59229 | Zig:18   | Found the +0 mask of the Dragon {MR+ Slay+3 SInv}
 59279 | Zig:18   | Got a transparent granite ring
 59333 | Zig:19   | Entered Level 19 of a ziggurat
 59380 | Zig:19   | Got a warped crystal amulet
 59482 | Zig:19   | Identified the ring of Zieddogg {rC+ rN+ Dex+5} (You found
                  | it on level 18 of a ziggurat)
 59485 | Zig:19   | Identified the amulet of Departure {rF+ Regen+} (You found
                  | it on level 19 of a ziggurat)
 59505 | Zig:20   | Entered Level 20 of a ziggurat
 59628 | Zig:20   | Got a crude granite ring
 59639 | Zig:20   | Identified the Almanac of Good Luck and Changing
 59681 | Zig:21   | Entered Level 21 of a ziggurat
 59699 | Zig:21   | Noticed an ancient lich
 59699 | Zig:21   | Noticed an ancient lich
 59700 | Zig:21   | Noticed an ancient lich
 59702 | Zig:21   | Killed an ancient lich
 59703 | Zig:21   | Killed an ancient lich
 59703 | Zig:21   | Killed an ancient lich
 59869 | Zig:21   | Found the +8 Wrath of Trog {antimagic, *Rage}
 60006 | Zig:22   | Entered Level 22 of a ziggurat
 60166 | Zig:22   | Got a crude ivory amulet
 60191 | Zig:22   | Identified the ring of Urphiuqu {Fire *Corrode Str+6
                  | Stlth+} (You found it on level 20 of a ziggurat)
 60195 | Zig:22   | Identified the amulet "Fippiu" {+Rage Str+4} (You found it
                  | on level 22 of a ziggurat)
 60211 | Zig:23   | Entered Level 23 of a ziggurat
 60227 | Zig:23   | HP: 4/213 [titan/the air (53)]
 60229 | Zig:23   | Killed from afar by a titan

Levels and vault maps discovered:
D:1:      wheals_arrival_linesprint, layout_basic, ebering_dispersal_statue_hall
D:2:      layout_basic, led_sif_pool
D:3:      layout_basic
D:4:      layout_loops_cross, minmay_temple_entry_arrows, first_ration,
          uniq_sigmund, uniq_duvessa, uniq_menkaure, uniq_crazy_yiuf_cottage
D:5:      layout_basic, bloody_trog, grunt_temple_overflow_diamond
D:6:      layout_loops_corners, minmay_misc_feat_enclosed,
          kennysheep_slug_shrine
D:7:      layout_rooms, uniq_prince_ribbit1
D:8:      layout_gridville, basic_altar
D:9:      layout_long_grid, serial_shops, nicolae_shop_waterfront, uniq_erica
D:10:     layout_cave_pools, lair_entry_dummy, serial_shops, shop_statue
D:11:     layout_roguey
D:12:     layout_rooms, david_orc_5, basic_altar, uniq_maurice
D:13:     layout_long_grid, serial_shops, shop, nicolae_shop_crystal, shop,
          shop, shop, basic_altar, uniq_rupert, uniq_josephine, uniq_sonja,
          uniq_kirke, uniq_erolcha
D:14:     layout_small_grid, skrybe_vaults_entry_preservation,
          kennysheep_nondescript, hangedman_stone_soup, minivault_15
D:15:     gammafunk_depths_entry_grave, layout_cave_pods,
          chequers_serial_rivers_micro_a, gammafunk_ghost_wrathful_warriors
Temple:   minmay_temple_bridge_d
Lair:1:   layout_hall_layers, beast_lair_carwin_5
Lair:2:   layout_roguey, elwin_shoals_entry_rooms, grunt_megastairs_1,
          lemuel_fruit_tree, minmay_lair_oklob_chamber
Lair:3:   layout_hall_layers
Lair:4:   layout_gridlike, nicolae_spider_entry_tight_spaces,
          minmay_lair_oklob_items, serial_bayou_shore_b
Lair:5:   layout_hall_layers, slime_dummy, lemuel_fruit_fields
Lair:6:   guppyfry_lair_end_dragon, layout_cave_pods
Shoals:1: layout_shoals
Shoals:2: layout_shoals, centaur_isle, uniq_polyphemus
Shoals:3: layout_shoals, serial_shops, nicolae_shop_overgrown_old_shop,
          uniq_ilsuiw
Shoals:4: shoals_end_hangedman, layout_shoals
Spider:1: layout_spider_delve
Spider:2: layout_spider_delve
Spider:3: layout_spider_delve
Spider:4: spider_rune_water, hangedman_stitches_earthworm, uniq_donald,
          uniq_mara
Orc:1:    layout_diamond_mine
Orc:2:    st_orc_congregation, layout_caves, mines2_lemuel, uniq_nessos
Elf:1:    elf_arrival_002, layout_loops_ring, special_room
          [special_room_mythical_zoo], minmay_elf_sorcery, minivault_5,
          minmay_misc_feat_diagonals, sword_in_stone, uniq_azrael, uniq_jorgrun
Elf:2:    layout_geoelf_diagonals, serial_shops, shop
Elf:3:    minmay_elf_hall_circle, layout_geoelf_diagonals,
          ploomutoo_gammafunk_ghost_potion_laboratory
Vaults:1: ontoclasm_vaults_claustrophobia, hangedman_vaults_unwind,
          nicolae_vaults_quartermaster, ontoclasm_vaults_ring_small,
          hangedman_vaults_river_flow, ontoclasm_vaults_ligature,
          nicolae_vaults_circle_grid_b, ontoclasm_vaults_shuriken,
          ontoclasm_vaults_fault, hangedman_vaults_slice,
          dpeg_vaults_monster_box, v_misc_5, nicolae_vaults_twisting_passages,
          nicolae_vaults_theta, layout_vaults_maze
Vaults:2: biasface_vaults_ghost_orc_armoury, st_lattice,
          hangedman_vaults_variations, v_misc_27, vaults_dpeg_diagonal,
          vaults_room_grid, vaults_dpeg_ring, vaults_room_fours,
          layout_vaults_quadrants, serial_shops, shop, uniq_aizul
Vaults:3: hangedman_vaults_snaps, vaults_standard_mumra_enter_the_diamond,
          v_misc_5, v_alt_pattern_6, minmay_crypt_entry_necro_gods,
          ontoclasm_vaults_spin, vaults_room_ringed_pool,
          hangedman_vaults_slice, ontoclasm_vaults_misaligned,
          nicolae_vaults_an_arrangement, v_misc_22, layout_vaults_omnibox
Vaults:4: v_misc_23, v_pattern_3, vaults_dpeg_spiral, grunt_vaults_swirl,
          nicolae_vaults_little_squares_3, vaults_mumra_hex,
          ontoclasm_vaults_chip, layout_vaults_chaotic_city, serial_shops,
          nicolae_shop_competitors_out_of_business
Vaults:5
Crypt:1:  layout_rooms, grunt_crypt_arrival_webbed, uniq_saint_roka
Crypt:2:  layout_misc_corridors, roderic_lattice_octagonal_star
Crypt:3:  david_glass_crypt, layout_gridlike, nicolae_tomb_entry_rubble_hallway,
          uniq_bai_suzhen, uniq_boris
Tomb:1:   uniq_sojobo, uniq_jory
Tomb:2
Tomb:3
Zig:23

Skill      XL: |  1  2  3  4  5  6  7  8  9 10 11 12 13 14 15 16 17 18 19 20 21 22 23 24 25 26 27 |
---------------+----------------------------------------------------------------------------------+-----
Conjurations   | 1 2 3 4 5 6 |  6.3
Fire Magic     | 2 4 5 |  5.0
Air Magic      | 2 3 5 23 | 23.8
Charms         | 1 4 6 |  6.0
Necromancy     | 1 4 6 8 9 12 16 17 19 | 19.0
Spellcasting   | 4 5 7 10 14 15 16 | 16.0
Dodging        | 3 5 7 8 |  8.0
Fighting       | 3 5 8 10 16 | 16.7
Armour         | 3 5 8 10 | 10.0
Earth Magic    | 10 15 17 18 21 24 26 27 | 27.0
Shields        | 3 9 15 | 15.2
Ice Magic      | 6 |  6.0
Transmutations | 9 15 18 19 | 19.0
Evocations     | 5 15 | 15.0
Throwing       | 6 |  6.5
Stealth        | |  2.4
Summonings     | |  1.0
Translocations | |  0.8

Action                   |  1- 3 |  4- 6 |  7- 9 | 10-12 | 13-15 | 16-18 | 19-21 | 22-24 | 25-27 || total
-------------------------+-------+-------+-------+-------+-------+-------+-------+-------+-------++-------
Melee: Unarmed           |     9 |       |       |       |       |       |       |       |       ||     9
       Short sword       |    14 |    16 |   186 |   486 |   304 |       |       |       |       ||  1006
       Halberd           |       |    22 |    29 |   298 |   538 |       |       |       |       ||   887
       Dagger            |       |       |       |    27 |       |       |       |       |       ||    27
       Flail             |       |       |       |     5 |       |       |       |       |       ||     5
       Scimitar          |       |       |       |       |    25 |       |       |       |       ||    25
       Morningstar       |       |       |       |       |   344 |   280 |    78 |   144 |       ||   846
       Arbalest          |       |       |       |       |       |     2 |       |       |       ||     2
       Staff             |       |       |       |       |       |       |       |       |     8 ||     8
       Lajatang          |       |       |       |       |       |       |       |       |     7 ||     7
       Peck              |       |       |       |       |       |       |       |       |     4 ||     4
 Fire: Longbow           |       |       |       |       |    24 |       |       |       |       ||    24
       Arbalest          |       |       |       |       |       |   110 |   354 |   267 |   234 ||   965
       Hunting sling     |       |       |       |       |       |    26 |       |     4 |       ||    30
Throw: Dart              |       |     5 |       |       |       |       |       |       |       ||     5
 Cast: Magic Dart        |    69 |    83 |    43 |    42 |    42 |       |       |       |       ||   279
       Conjure Flame     |       |     8 |    18 |    82 |   191 |    18 |    21 |    15 |       ||   353
       Mephitic Cloud    |       |     4 |    15 |    44 |   142 |    44 |    14 |    15 |       ||   278
       Regeneration      |       |       |     1 |    47 |    68 |    71 |    47 |    39 |    59 ||   332
       Sublimation of Bl |       |       |       |    34 |     9 |    22 |    42 |    16 |    11 ||   134
       Dispel Undead     |       |       |       |    33 |    11 |     9 |    17 |    26 |    67 ||   163
       Borgnjor's Vile C |       |       |       |       |     7 |   299 |   304 |   257 |   294 ||  1161
       Ozocubu's Armour  |       |       |       |       |       |       |       |     2 |    28 ||    30
       Shatter           |       |       |       |       |       |       |       |     9 |   205 ||   214
       Necromutation     |       |       |       |       |       |       |       |     2 |   107 ||   109
       Tornado           |       |       |       |       |       |       |       |       |     6 ||     6
       Bolt of Magma     |       |       |       |       |       |       |       |       |     1 ||     1
Invok: Receive Necronomi |       |       |       |       |     1 |       |       |       |       ||     1
       Renounce Religion |       |       |       |       |     1 |       |       |       |       ||     1
       Potion Petition   |       |       |       |       |     1 |       |       |       |    31 ||    32
       Call Merchant     |       |       |       |       |       |       |       |       |     8 ||     8
 Abil: Dig               |       |     2 |     9 |    25 |    94 |    27 |     2 |    10 |     2 ||   171
       End Transformatio |       |       |       |       |       |       |       |     2 |    25 ||    27
Evoke: Wand              |       |       |       |     1 |     4 |     3 |       |       |     5 ||    13
       Lamp of fire      |       |       |       |       |       |     1 |     2 |     1 |     1 ||     5
       Staff of energy   |       |       |       |       |       |       |       |       |   655 ||   655
       Figurine of a zig |       |       |       |       |       |       |       |       |     1 ||     1
  Use: Scroll            |       |     7 |       |     5 |    11 |    13 |    11 |     3 |    27 ||    77
       Potion            |       |       |       |     3 |     1 |     7 |     2 |     1 |    21 ||    35
 Stab: Confused          |       |     1 |     4 |     9 |    43 |     6 |     2 |       |       ||    65
       Sleeping          |       |       |     1 |     2 |     1 |     1 |       |       |       ||     5
       Distracted        |       |       |       |       |     6 |     2 |       |     4 |     1 ||    13
       Invisible         |       |       |       |       |       |       |       |       |     1 ||     1
  Eat: Chunk             |     2 |     9 |    16 |    36 |     4 |       |       |       |       ||    67
       Ration            |       |       |       |       |    16 |    12 |     7 |    11 |     9 ||    55
Armor: Robe              |     5 |     4 |     5 |       |       |     2 |       |       |       ||    16
       Leather armour    |       |       |    51 |   161 |   309 |       |       |       |   136 ||   657
       Ring mail         |       |       |       |       |    49 |   241 |    84 |       |       ||   374
       Troll leather arm |       |       |       |       |       |       |     4 |    74 |   149 ||   227
Dodge: Dodged            |    14 |    22 |    99 |   445 |   841 |   426 |   175 |   188 |   619 ||  2829
Block: Buckler           |       |       |       |       |    32 |   116 |       |       |       ||   148
       Reflection        |       |       |       |       |       |    14 |       |       |       ||    14
       Shield            |       |       |       |       |       |   217 |   187 |   212 |   676 ||  1292
       Rpst.: Scimitar   |       |       |       |       |     4 |       |       |       |       ||     4
